 Dungeon Crawl Stone Soup version 0.31-a0-4-gefa6de2278 (webtiles) character file.

Game seed: 1106173226204810483

1182 ytrimaz the Ducker (level 8, -7/50 HPs)
             Began as a Djinni Fire Elementalist on May 3, 2023.
             Killed from afar by a white imp (15 damage)
             ... with a puff of frost
             ... on level 7 of the Dungeon on May 4, 2023.
             The game lasted 00:08:34 (5675 turns).

ytrimaz the Ducker (Djinni Fire Elementalist)       Turns: 5675, Time: 00:08:35

Health: -7/50      AC:  3    Str:  9    XL:     8   Next: 70%
Gold:   21         EV: 16    Int: 26    God:
                   SH:  0    Dex: 16

rFire   + + .        (no weapon)
rCold   x . .        (no shield)
rNeg    + + .        a - +0 robe
rPois   ∞            u - +0 hat "Unekleic" {+Blink rN++ Will- Str+2}
rElec   .            o - +0 cloak of Isead {Int+6 Dex+3}
rCorr   .            (no gloves)
SInv    .            (boots unavailable)
Will    .....        (no amulet)
Stlth   ++           k - ring of wizardry
HPRegen 0.28/turn    l - ring of willpower
MPRegen 0.00/turn

%: wizardry (x1), infuse magic (-8 HP)
@: flying
A: sickness immunity, fire resistance 2, cold vulnerability 1, float, innate
caster, HP casting, extra vitality 1
a: Evoke Blink


You were on level 7 of the Dungeon.
You visited 1 branch of the dungeon, and saw 6 of its levels.
You also visited: Sewer and Ossuary.

You collected 483 gold pieces.
You spent 462 gold pieces at shops.


Innate Abilities, Weirdness & Mutations

You are immune to sickness and miasma.
You are immune to poison.
Your flesh is very heat resistant. (rF++)
You are vulnerable to cold. (rC-)
You float through the air rather than walking.
You learn spells naturally, not from books.
Your magical power is your life essence.
You have superior vitality. (+4 MHP)


   Skills:
 + Level 7.9 Dodging
 - Level 1.5 Stealth
 + Level 5.8 Spellcasting


You knew the following spells:

 Your Spells              Type           Power      Damage    Failure   Level
a - Poisonous Vapours     Pois/Air       76%        N/A       1%          2
b - Scorch                Fire           76%        2d8       1%          2
c - Inner Flame           Hex/Fire       38%        N/A       1%          3
d - Flame Wave            Conj/Fire      38%        2d10      2%          4
e - Blink                 Tloc           76%        N/A       1%          2
f - Necrotise             Necr           100%       1d9       1%          1
g - Volatile Blastmotes   Fire/Tloc      76%        2d16      1%          3
h - Foxfire               Conj/Fire      100%       2x1d9     1%          1
Your spell library was empty.

Inventory:

Armour
 a - a +0 robe (worn)
 m - a +0 cloak
   (You found it on level 3 of the Dungeon)
 o - the +0 cloak of Isead (worn) {Int+6 Dex+3}
   (You bought it in a shop on level 7 of the Dungeon)

   Int:       It affects your intelligence (+6).
   Dex:       It affects your dexterity (+3).
 u - the +0 hat "Unekleic" (worn) {+Blink rN++ Will- Str+2}
   (You bought it in a shop on level 7 of the Dungeon)

   Str:       It affects your strength (+2).
   rN:        It greatly protects you from negative energy.
   +Blink:    It lets you blink.
   Will:      It decreases your willpower.
Jewellery
 k - a ring of wizardry (left hand)
   (You found it on level 3 of the Dungeon)
 l - a ring of willpower (right hand)
   (You found it on level 5 of the Dungeon)
Wands
 i - a wand of iceblast (13)
   (You found it on level 4 of the Dungeon)
 p - a wand of charming (8)
   (You found it on level 7 of the Dungeon)
Scrolls
 b - 4 scrolls of amnesia
 c - a scroll of poison
 d - 5 scrolls of teleportation
 g - 2 scrolls of enchant armour
 j - 4 scrolls of noise
 v - a scroll of blinking
Potions
 e - 3 potions of haste
 f - 4 potions of might
 h - a potion of ambrosia
 n - 3 potions of lignification {unknown}
 q - 2 potions of curing {unknown}
 r - a potion of brilliance {unknown}
 s - a potion of cancellation {unknown}
 t - a potion of degeneration {unknown}

Dungeon Overview and Level Annotations

Branches:
Dungeon (5/15) Zot: 26415  Temple (0/1) D:4           Sewer (visited)
Ossuary (visited)

Altars:
Elyvilon
Hepliaklqana
Ru
Xom

Shops:
D:3 (   D:7 ([[[!

##(#.. ....# #. #...##
#..# #....###
#..###......#
...##.#..#....†#
#....)#..##.#5.# #
#.....#........# ≈≈#
#.....#.####@#.# #≈≈≈$
#.....+......#.##..≈≈~.
#.....#.###..#..†..≈≈≈~
#.....#......###...≈≈P.
#....###... ...≈≈~P
########....########.~~≈≈≈
.......'........ ..~≈≈~
#########....#### .~~≈≈~
.......##....#### .≈≈≈P


You could see a white imp.


Message History

Press: ? - help, Q - select action, (/) - cycle Dir - move target, f/p - sky beast
Aim: a sky beast (lightly wounded, extremely poisoned) Poisonous vapours surround the sky beast!
The sky beast looks as sick as possible! 😕 HP[-2]
You take 2 damage, and now have 44/50 hp.
Aiming: Poisonous Vapours (safe; 1% risk of failure)
Press: ? - help, Q - select action, (/) - cycle Dir - move target, f/p - sky beast
Aim: a sky beast (lightly wounded, extremely poisoned) Poisonous vapours surround the sky beast!
The sky beast looks as sick as possible!
The sky beast hits you. The sky beast shocks you. 😮 HP[-9]
You take 9 damage, and now have 35/50 hp.
Unknown command.
Aiming: Poisonous Vapours (safe; 1% risk of failure)
Press: ? - help, Q - select action, (/) - cycle Dir - move target, f/p - sky beast
Aim: a sky beast (lightly wounded, extremely poisoned) Poisonous vapours surround the sky beast!
The sky beast looks as sick as possible!
The sky beast hits you. The sky beast shocks you.
* * * LOW HITPOINT WARNING * * *
😨 HP[-10]
You take 10 damage, and now have 25/50 hp.
Casting: Poisonous Vapours (safe; 1% risk of failure)
Confirm with . or Enter, or press ? or * to list all spells.
Okay, then.
Casting: Poisonous Vapours (safe; 1% risk of failure)
Confirm with . or Enter, or press ? or * to list all spells.
Casting: Flame Wave (dangerous; 2% risk of failure)
Press: ? - help, Dir - look around, f - activate A wave of flame ripples out!
The flame wave engulfs the sky beast! (Press . to intensify the flame waves.)
* * * LOW HITPOINT WARNING * * *
The sky beast closely misses you. 😨 HP[-4]
You take 4 damage, and now have 21/50 hp.
Unknown command.
A wave of flame ripples out!
The flame wave engulfs the sky beast!
You kill the sky beast!
* * * LOW HITPOINT WARNING * * *
You hear a shout!
You hear a bark!
Unknown command.
Unknown command.
A hound comes into view. 😨 HP[+1]
A hound is nearby!
Unknown command.
You are too injured to fight recklessly!
Aiming: Poisonous Vapours (safe; 1% risk of failure)
Press: ? - help, Q - select action, (/) - cycle Dir - move target, f - hound
Aim: a hound Poisonous vapours surround the hound!
The hound is poisoned.
* * * LOW HITPOINT WARNING * * *
The hound closely misses you.
A white imp comes into view.
You hear a distant slurping noise.
The hound barely misses you. 😨 HP[-2]
You take 2 damage, and now have 20/50 hp.
Aiming: Poisonous Vapours (safe; 1% risk of failure)
Press: ? - help, Q - select action, (/) - cycle Dir - move target, f/p - hound
Aim: a hound (very poisoned) Poisonous vapours surround the hound!
The hound looks as sick as possible!
The white imp shouts!
* * * LOW HITPOINT WARNING * * *
The hound barely misses you. 😨 HP[-2]
You take 2 damage, and now have 18/50 hp.
Aiming: Poisonous Vapours (safe; 1% risk of failure)
Press: ? - help, Q - select action, (/) - cycle Dir - move target, f/p - hound
Aim: a hound (lightly wounded, extremely poisoned) Poisonous vapours surround the hound!
The hound looks as sick as possible!
* * * LOW HITPOINT WARNING * * *
The hound barely misses you. The hound misses you. 😨 HP[-1]
You take 1 damage, and now have 17/50 hp.
Aiming: Poisonous Vapours (safe; 1% risk of failure)
Press: ? - help, Q - select action, (/) - cycle Dir - move target, f/p - hound
Aim: a hound (moderately wounded, extremely poisoned) Poisonous vapours surround the hound!
The hound looks as sick as possible!
* * * LOW HITPOINT WARNING * * *
The hound bites you.
* * * LOW HITPOINT WARNING * * *
😱 HP[-6]
You take 6 damage, and now have 11/50 hp.
You kill the hound!
Unknown command. 😱 HP[+1]
Casting: Poisonous Vapours (safe; 1% risk of failure)
Confirm with . or Enter, or press ? or * to list all spells.
Casting: Flame Wave (dangerous; 2% risk of failure)
Press: ? - help, Dir - look around, f - activate A wave of flame ripples out! (Press . to intensify the flame waves.)
* * * LOW HITPOINT WARNING * * *
The white imp gestures at you. The puff of frost hits you!
You feel a terrible chill!
You die...

Skill      XL: |  1  2  3  4  5  6  7  8 |
---------------+-------------------------+-----
Dodging        | 3 4 5 6 7 |  7.9
Spellcasting   | 3 4 5 |  5.8
Stealth        | |  1.5

Action                     |  1- 3 |  4- 6 |  7- 9 || total
---------------------------+-------+-------+-------++-------
  Melee: Unarmed           |     6 |     9 |     5 ||    20
   Cast: Foxfire           |    62 |   138 |    79 ||   279
         Scorch            |     5 |    23 |    16 ||    44
         Blink             |       |     2 |       ||     2
         Inner Flame       |       |     1 |     3 ||     4
         Flame Wave        |       |     3 |     4 ||     7
         Poisonous Vapours |       |       |    31 ||    31
         Volatile Blastmot |       |       |     2 ||     2
    Use: Scroll            |       |     8 |     6 ||    14
         Potion            |       |     1 |       ||     1
 Armour: Robe              |     4 |     5 |     7 ||    16
  Dodge: Dodged            |    20 |    25 |    25 ||    70

Levels and vault maps discovered:
D:1:      dpeg_arrival_court, layout_basic
D:2:      layout_basic, basic_altar, minmay_increasing_density
D:3:      layout_loops_ring, serial_shops, shop_fountains
D:4:      layout_rooms, minitemple, mainiacjoe_overflow_six_doors_small,
          minmay_temple_entry_large_hall, gup_ossuary_entry_pyramid,
          hangedman_decor_peaks_small
D:5:      layout_basic, gup_sewer_entry_bubbles, uniq_blork_the_orc
D:7:      layout_basic, chequers_big_river, nicolae_shop_national_dungeon_mall

Notes
Turn   | Place    | Note
-------+----------+-------------------------------------------
     0 | D:1      | ytrimaz the Djinni Fire Elementalist began the quest for
                  | the Orb.
     0 | D:1      | ytrimaz set off with the following spells memorised:
                  | Foxfire, Scorch, Volatile Blastmotes, Inner Flame, Flame
                  | Wave.
     0 | D:1      | Reached XP level 1. HP: 15/15 MP: 0/0
     0 | D:1      | magus.rc [v1.9.6]
   301 | D:1      | Reached XP level 2. HP: 4/21 MP: 0/0
  1067 | D:2      | Reached skill level 3 in Dodging
  1067 | D:2      | Reached XP level 3. HP: 13/25 MP: 0/0
  1067 | D:2      | Learned a level 1 spell: Necrotise
  1200 | D:2      | Found a hazy altar of Hepliaklqana.
  1307 | D:2      | Reached skill level 3 in Spellcasting
  1450 | D:2      | Reached XP level 4. HP: 28/31 MP: 0/0
  2124 | D:3      | Reached skill level 4 in Dodging
  2124 | D:3      | Reached XP level 5. HP: 26/35 MP: 0/0
  2124 | D:3      | Learned a level 2 spell: Blink
  2286 | D:3      | Found Nedaf's Antique Weapon Emporium.
  2844 | D:3      | Reached XP level 6. HP: 36/40 MP: 0/0
  3242 | D:4      | Reached skill level 5 in Dodging
  3242 | D:4      | Reached skill level 4 in Spellcasting
  3304 | D:4      | Found a shimmering altar of Xom.
  3445 | D:4      | Found a staircase to the Ecumenical Temple.
  3535 | D:4      | HP: 9/40 [gnoll/+0 whip (4)]
  3557 | D:4      | Found a sand-covered staircase.
  3582 | Ossuary  | Entered an ossuary
  3622 | Ossuary  | Reached XP level 7. HP: 19/45 MP: 0/0
  3622 | Ossuary  | Learned a level 2 spell: Poisonous Vapours
  4263 | D:4      | Found a sacrificial altar of Ru.
  4265 | D:4      | Found a white marble altar of Elyvilon.
  4381 | D:5      | Entered Level 5 of the Dungeon
  4473 | D:5      | Reached skill level 6 in Dodging
  4596 | D:5      | Found a glowing drain.
  4602 | Sewer    | Entered a sewer
  4639 | Sewer    | Noticed a water moccasin
  4644 | Sewer    | Killed a water moccasin
  4901 | D:5      | Reached skill level 5 in Spellcasting
  4901 | D:5      | Reached XP level 8. HP: 44/50 MP: 0/0
  4915 | D:5      | magus.rc [v1.9.6]
  5090 | D:5      | You are sucked into a shaft and drop 2 floors!
  5108 | D:7      | Found Vefaahac's Antique Armour Shoppe.
  5119 | D:7      | Reached skill level 7 in Dodging
  5233 | D:7      | Found Ejemoor's Antique Armour Emporium.
  5234 | D:7      | Found Loronlo's Weapon Shop.
  5234 | D:7      | Found Zeptissi's Armour Boutique.
  5256 | D:7      | Found Begham's Distillery.
  5375 | D:7      | Bought a pitted cloak for 237 gold pieces
  5375 | D:7      | Identified the +0 cloak of Isead {Int+6 Dex+3} (You bought
                  | it in a shop on level 7 of the Dungeon)
  5402 | D:7      | Bought a pitted hat for 225 gold pieces
  5402 | D:7      | Identified the +0 hat "Unekleic" {+Blink rN++ Will- Str+2}
                  | (You bought it in a shop on level 7 of the Dungeon)
  5672 | D:7      | HP: 11/50 [hound (4)]
  5675 | D:7      | Killed from afar by a white imp

Vanquished Creatures
  A water moccasin (Sewer)
  A sky beast (D:7)
  3 phantoms
  2 scorpions
  3 electric eels (D:7)
  A hound (D:7)
  2 iguanas
  3 orc wizards (D:3)
  9 mummies
  6 gnolls
  10 adders
  A river rat (D:5)
  A shadow imp (D:5)
  A worm (D:4)
  A dart slug (D:4)
  5 orcs
  6 bats
  6 endoplasms
  4 giant cockroaches
  2 gnoll zombies (Ossuary)
  13 goblins
  8 hobgoblins
  8 jackals
  5 quokkas
  4 ball pythons
  2 frilled lizards
  2 hobgoblin zombies (Ossuary)
  5 kobolds
  2 kobold zombies (Ossuary)
  2 orc zombies (Ossuary)
  4 rats
123 creatures vanquished.

Vanquished Creatures (collateral kills)
  A kobold (D:3)
1 creature vanquished.

Vanquished Creatures (others)
  415 foxfires
  A plant (D:7)
416 creatures vanquished.

Grand Total: 540 creatures vanquished

Table legend:
 A = Non-vault XP
 B = Vault XP
 C = Vault XP percentage of total XP
 D = Non-vault monster count
 E = Vault monster count
 F = Vault count percentage of total count
                 A         B        C        D         E       F
            +---------+---------+-------+---------+---------+-------
      Total |    1294 |     395 |  23.4 |      90 |      34 |  27.4
            +---------+---------+-------+---------+---------+-------
        D:1 |      24 |       0 |   0.0 |      14 |       0 |   0.0
        D:2 |      65 |      20 |  23.5 |      17 |       5 |  22.7
        D:3 |     172 |       0 |   0.0 |      21 |       0 |   0.0
        D:4 |     216 |      18 |   7.7 |      22 |       1 |   4.3
        D:5 |     282 |      44 |  13.5 |       8 |       6 |  42.9
        D:7 |     535 |       0 |   0.0 |       8 |       0 |   0.0
      Sewer |       0 |     153 | 100.0 |       0 |       6 | 100.0
    Ossuary |       0 |     160 | 100.0 |       0 |      16 | 100.0
            +---------+---------+-------+---------+---------+-------

Skill      XL: |  1  2  3  4  5  6  7  8 |
---------------+-------------------------+-----
Dodging        | 3 4 5 6 7 |  7.9
Spellcasting   | 3 4 5 |  5.8
Stealth        | |  1.5

Action                     |  1- 3 |  4- 6 |  7- 9 || total
---------------------------+-------+-------+-------++-------
  Melee: Unarmed           |     6 |     9 |     5 ||    20
   Cast: Foxfire           |    62 |   138 |    79 ||   279
         Scorch            |     5 |    23 |    16 ||    44
         Blink             |       |     2 |       ||     2
         Inner Flame       |       |     1 |     3 ||     4
         Flame Wave        |       |     3 |     4 ||     7
         Poisonous Vapours |       |       |    31 ||    31
         Volatile Blastmot |       |       |     2 ||     2
    Use: Scroll            |       |     8 |     6 ||    14
         Potion            |       |     1 |       ||     1
 Armour: Robe              |     4 |     5 |     7 ||    16
  Dodge: Dodged            |    20 |    25 |    25 ||    70

Illustrated notes

Table legend:
 A = Kills in this place as a percentage of kills in the entire game.
 B = Kills by you in this place as a percentage of kills by you in the entire game.
 C = Kills by friends in this place as a percentage of kills by friends in the entire game.
 D = Other kills in this place as a percentage of other kills in the entire game.
 E = Experience gained in this place as a percentage of experience gained in the entire game.
 F = Experience gained in this place divided by the number of levels of this place that you have seen.
                   A       B       C       D       E      F
               +-------+-------+-------+-------+-------+----------------------
         Total | 100.0 | 100.0 | 100.0 |   N/A | 100.0 | 211.1
       Dungeon |  82.3 |  82.1 | 100.0 |   N/A |  81.5 | 229.3
         Sewer |   4.8 |   4.9 |   0.0 |   N/A |   9.1 | 153.0
       Ossuary |  12.9 |  13.0 |   0.0 |   N/A |   9.5 | 160.0
               +-------+-------+-------+-------+-------+----------------------

Table legend: (Time is in decaauts)
 A = Elapsed time spent in this place.
 B = Non-inter-level travel time spent in this place.
 C = Inter-level travel time spent in this place.
 D = Time resting spent in this place.
 E = Time spent auto-exploring this place.
 F = Levels seen in this place.
 G = Mean time per level.
                   A        B        C        D        E       F      G
               +--------+--------+--------+--------+--------+-----+--------+
         Total |   5670 |   5582 |     88 |    512 |   4127 |   8 |  708.8 |
       Dungeon |   5043 |   4955 |     88 |    339 |   3838 |   6 |  840.5 |
         Sewer |    110 |    110 |      0 |      0 |     64 |   1 |  110.0 |
       Ossuary |    516 |    516 |      0 |    173 |    225 |   1 |  516.0 |
               +--------+--------+--------+--------+--------+-----+--------+

Top non-repeatable levels by time:
     D:3: 1075 daAuts
     D:2: 1047 daAuts
     D:1: 1047 daAuts
     D:4: 692 daAuts
     D:5: 597 daAuts
     D:7: 583 daAuts
 Ossuary: 516 daAuts
   Sewer: 110 daAuts
